 Dungeon Crawl Stone Soup version 0.15.2 (webtiles) character file.

317 Amnesiac the Insei (level 6, -1/47 HPs)
             Began as a Mummy Monk on Dec 27, 2017.
             Slain by a quasit (2 damage)
             ... on Level 5 of the Dungeon.
             The game lasted 00:06:30 (6179 turns).

Amnesiac the Insei (Mummy Monk)                     Turns: 6179, Time: 00:06:30

HP  -1/47        AC  0     Str 14      XL: 6   Next: 20%
MP   6/6         EV 13     Int  9      God:
Gold 210         SH  0     Dex 16      Spells:  0 memorised,  5 levels left

rFire  x . .     SeeInvis .       - Unarmed
rCold  + . .     Clarity  .     (no armour)
rNeg   + + +     rCorr    .     (no shield)
rPois  +         rRot     +     (no helmet)
rElec  .         Spirit   .     (no cloak)
SustAb .         Warding  .     (no gloves)
rMut   .         Stasis   .     (no boots)
Gourm  .                        (no amulet)
MR     .....                    (no ring)
                                (no ring)

@: not resistant to hostile enchantments, unstealthy
A: no food or potions, fire vulnerability, restore body, cold resistance 1,
negative energy resistance 3, poison resistance, torment resistance, unbreathing
a: no special abilities


You were on level 5 of the Dungeon.
You were not hungry.

You visited 1 branch of the dungeon, and saw 5 of its levels.

You collected 210 gold pieces.

Inventory:

Comestibles
 a - a meat ration (quivered)
Scrolls
 b - a scroll of fog
 c - 2 scrolls of identify
 d - a scroll of teleportation
 e - a scroll of remove curse
 f - a scroll of enchant armour {unknown}
 g - a scroll of immolation {unknown}


   Skills:
 - Level 3.0 Fighting
 - Level 2.4 Dodging
 - Level 1.5 Stealth
 + Level 6.2 Unarmed Combat


You had 5 spell levels left.
You didn't know any spells.

Dungeon Overview and Level Annotations

Branches:
Dungeon (5/15)
 Temple: D:4-7

Altars:
Dithmenos
Kikubaaqudgha

Annotations:
D:1 Terence


Innate Abilities, Weirdness & Mutations

You do not eat or drink.
Your flesh is vulnerable to fire.
Your flesh is cold resistant.
You are immune to negative energy.
Your system is resistant to poisons.
You are immune to unholy pain and torment.
You can survive without breathing.


Message History

* * * LOW HITPOINT WARNING * * *
The quasit claws you.
* * * LOW HITPOINT WARNING * * *
The quasit claws you.
* * * LOW HITPOINT WARNING * * *
The quasit closely misses you. The quasit barely misses you.
The quasit claws you.
* * * LOW HITPOINT WARNING * * *
You hit the quasit but do no damage.
The quasit is severely wounded.
The quasit bites you.
* * * LOW HITPOINT WARNING * * *
The quasit claws you.
* * * LOW HITPOINT WARNING * * *
The quasit claws you.
* * * LOW HITPOINT WARNING * * *
You closely miss the quasit.
The quasit is severely wounded.
The quasit bites you.
You die...

#. #. ### ##.##..
##...#.#
#......#####.#
####....5....).#
........@..#
#####..#.#.......
#..#.# ###.#
#..#.#####.#
#..#.......#
#..........#
#.########## #.#
########## #.#
#........#


You could see a quasit.

Vanquished Creatures
  A centaur (D:3)
  A scorpion (D:4)
  Ijyb (D:2)
  Jessica (D:2)
  6 adders
  3 worms
  2 oozes
  2 orcs
  8 giant cockroaches
  11 goblins
  9 hobgoblins
  6 jackals
  A ball python (D:1)
  7 bats
  4 giant geckos
  5 giant newts
  9 kobolds
  10 rats
87 creatures vanquished.

Notes
Turn   | Place    | Note
--------------------------------------------------------------
     0 | D:1      | Amnesiac, the Mummy Monk, began the quest for the Orb.
     0 | D:1      | Reached XP level 1. HP: 18/18 MP: 1/1
   638 | D:1      | Reached XP level 2. HP: 17/24 MP: 2/2
  1098 | D:1      | Reached skill level 4 in Unarmed Combat
  1297 | D:1      | Reached XP level 3. HP: 27/29 MP: 3/3
  1688 | D:2      | Noticed Ijyb
  2245 | D:2      | Noticed Jessica
  2266 | D:2      | Killed Jessica
  2266 | D:2      | Reached XP level 4. HP: 10/35 MP: 4/4
  2530 | D:2      | Noticed Terence
  3268 | D:2      | Killed Ijyb
  3268 | D:2      | Reached skill level 5 in Unarmed Combat
  4456 | D:3      | Reached XP level 5. HP: 30/41 MP: 5/5
  5247 | D:4      | Found a shadowy altar of Dithmenos.
  5580 | D:3      | Noticed a centaur
  5588 | D:3      | Killed a centaur
  5588 | D:3      | Reached skill level 6 in Unarmed Combat
  5747 | D:4      | Reached XP level 6. HP: 47/47 MP: 6/6
  5803 | D:4      | Found an ancient bone altar of Kikubaaqudgha.
  5970 | D:4      | Noticed an ogre
  6029 | D:5      | Entered Level 5 of the Dungeon
  6178 | D:5      | HP: 2/47 [quasit (1)]
  6179 | D:5      | Slain by a quasit

Action                   |  1- 3 |  4- 6 || total
-------------------------+-------+-------++-------
Melee: Unarmed           |   152 |   238 ||   390
  Use: Scroll            |     5 |     3 ||     8
 Stab: Sleeping          |     2 |     3 ||     5
       Distracted        |       |     1 ||     1
